Map: Kairos Junction LE

Players

TiPtOP - Winner!

  • Race: Terran Terran
  • League: Silver
  • Spawn Location: 5:00

SiHugler

  • Race: Terran Terran
  • Spawn Location: 11:00

VOD

Have the link to the VOD?

Description

Time

  • Played on: Aug. 20, 2019, 8:43 a.m.
  • Length: 16:33
Show
View Real Time Build Order
Export as new Build Order

TiPtOP Terran - Winner!

Build Orders: Mech 

Get SALT Encoding   

  12  0:01  SCV  
  13  0:13  SCV  
  14  0:20  Supply Depot  
  14  0:25  SCV  
  15  0:41  SCV  
  16  0:45  Barracks  
  16  0:48  Refinery  
  16  0:53  SCV  
  17  1:06  SCV  
  18  1:18  SCV  
  19  1:34  Marine  
  20  1:42  Command Center  
  20  1:43  Orbital Command  
  20  2:05  Supply Depot  
  20  2:11  SCV  
  20  2:12  Factory  
  21  2:36  SCV  
  21  2:49  Bunker  
  21  2:56  Factory Tech Lab  
  21  3:02  SCV  
  21  3:03  Refinery  
  22  3:14  SCV  
  23  3:22  Orbital Command, Supply Depot  
  23  3:26  SCV  
  24  3:31  Siege Tank  
  27  3:38  SCV  
  27  3:41  Engineering Bay  
  28  3:49  SCV  
  28  3:50  SCV  
  30  4:00  Marine  
  31  4:03  Siege Tank  
  31  4:06  SCV  
  35  4:20  SCV  
  36  4:30  Missile Turret  
  36  4:32  SCV  
  36  4:38  Siege Tank  
  40  4:48  SCV  
  40  4:50  Command Center  
  41  4:54  Refinery  
  41  5:00  SCV x2  
  41  5:05  Supply Depot  
  43  5:10  Missile Turret  
  43  5:12  SCV  
  44  5:18  Siege Tank  
  47  5:27  Supply Depot  
  47  5:28  Factory  
  47  5:29  Factory  
  47  5:39  SCV, Refinery  
  47  5:40  SCV  
  49  5:51  SCV  
  49  5:52  SCV  
  51  5:58  Armory  
  51  6:02  Siege Tank  
  51  6:03  SCV  
  55  6:12  Missile Turret  
  55  6:17  SCV x2  
  57  6:29  SCV x2  
  59  6:37  Orbital Command  
  59  6:41  SCV x2  
  59  6:45  Factory Tech Lab, Factory Reactor  
  61  6:47  Thor  
  67  6:57  SCV  
  67  6:58  SCV, Supply Depot  
  67  6:59  Supply Depot  
  69  7:09  SCV, Thor  
  69  7:10  SCV  
  69  7:14  Terran Vehicle Weapons Level 1  
  77  7:21  SCV  
  77  7:22  Armory  
  78  7:26  SCV x2  
  80  7:30  Thor  
  80  7:33  SCV  
  87  7:38  SCV  
  88  7:45  Missile Turret  
  88  7:50  SCV  
  89  7:53  Hellbat  
  89  7:57  Command Center  
  91  8:02  SCV  
  91  8:04  Refinery  
  92  8:12  Hellbat  
  94  8:14  Hellbat  
  94  8:19  Supply Depot  
  96  8:22  Supply Depot  
  96  8:28  Supply Depot  
  96  8:30  Supply Depot  
  96  8:38  Supply Depot  
  96  8:40  Thor x2  
  108  8:42  Supply Depot x2  
  108  8:43  SCV  
  108  8:44  SCV x2  
  111  8:56  SCV  
  111  8:58  Hellbat x2  
  116  9:08  SCV  
  117  9:18  Command Center  
  117  9:19  Hellbat  
  117  9:20  SCV  
  117  9:23  Thor x2  
  132  9:53  SCV x3  
  135  10:00  Planetary Fortress  
  135  10:05  SCV x3  
  135  10:06  Thor x2  
  150  10:07  Hellbat  
  150  10:08  Hellbat  
  154  10:17  SCV  
  154  10:20  Missile Turret  
  154  10:21  Supply Depot, Missile Turret  
  155  10:22  Supply Depot  
  155  10:26  Supply Depot  
  155  10:31  Missile Turret  
  155  10:34  Missile Turret  
  155  10:37  Missile Turret  
  155  10:38  Supply Depot  
  155  10:40  Supply Depot  
  155  10:41  SCV  
  155  10:42  SCV x3  
  159  10:43  Supply Depot  
  159  10:49  Thor x2  
  170  10:53  SCV  
  166  11:05  SCV  
  167  11:11  Refinery  
  167  11:18  Refinery  
  167  11:19  Refinery  
  167  11:27  Sensor Tower  
  167  11:39  Thor x2  
  183  11:40  Hellbat x2  
  183  11:54  SCV  
  183  11:55  SCV  
  183  11:56  SCV x2  
  189  12:01  Hellbat  
  189  12:07  SCV  
  190  12:19  SCV  
  190  12:21  Thor  
  197  12:31  SCV  
  198  12:43  SCV  
  199  13:09  Missile Turret  
  199  13:31  Missile Turret  
  185  13:53  Planetary Fortress  
  155  14:01  Starport  
  155  14:02  Starport  
  115  14:03  Starport  
  115  14:04  Starport  
  115  14:06  Starport x2  
  95  14:22  Refinery, Thor  
  95  14:23  Thor  
  95  14:24  Hellbat x2  
  111  14:39  Neosteel Armor  
  111  14:45  Hellbat x2  
  115  14:46  Starport Tech Lab x3  
  115  14:47  Starport Tech Lab x2  
  115  14:59  Starport Tech Lab  
  115  15:05  Thor x2  
  127  15:14  Refinery  
  127  15:26  Sensor Tower  
  127  15:43  Fusion Core  
  127  15:46  Starport  
  127  15:48  Thor x2  
  139  16:24  Starport Tech Lab  
Show
View Real Time Build Order
Export as new Build Order

SiHugler Terran 

Build Orders:  

Get SALT Encoding   

  12  0:01  SCV  
  13  0:13  SCV  
  14  0:21  Supply Depot  
  14  0:25  SCV  
  15  0:42  SCV  
  16  0:44  Barracks  
  16  0:54  Barracks, SCV  
  17  1:08  SCV  
  18  1:14  Barracks  
  18  1:22  Barracks  
  18  1:33  Marine  
  18  1:34  Supply Depot  
  18  1:36  SCV  
  20  1:47  Marine  
  20  1:51  SCV  
  20  1:53  Marine  
  23  1:59  Supply Depot  
  23  2:02  Marine  
  23  2:05  Marine  
  23  2:07  SCV  
  26  2:09  Marine  
  26  2:11  Marine  
  28  2:18  Supply Depot  
  28  2:32  Marine x2  
  28  2:33  Marine x2  
  32  2:50  Marine x2  
  32  2:51  Marine  
  35  2:55  Refinery  
  35  2:57  Refinery  
  35  2:59  Orbital Command  
  35  3:01  Marine  
  36  3:16  Marine  
  36  3:17  Marine x2  
  39  3:33  Bunker  
  39  3:44  Marine x2  
  39  3:45  Marine x2  
  43  4:02  Marine x3  
  44  4:03  Marine  
  43  4:20  Marine  
  44  4:59  Command Center, SCV  
  45  5:03  Refinery  
  45  5:05  Supply Depot x2, Refinery  
  45  5:07  Supply Depot  
  45  5:11  SCV  
  45  5:12  Barracks Tech Lab  
  45  5:13  Engineering Bay  
  46  5:14  Barracks Tech Lab  
  46  5:17  Barracks Reactor  
  46  5:23  SCV  
  47  5:36  SCV, Combat Shield  
  48  5:48  SCV  
  49  5:58  Hi-Sec Auto Tracking  
  49  5:59  Stimpack  
  49  6:00  Bunker  
  49  6:07  Barracks Reactor  
  49  6:08  Missile Turret  
  49  6:14  Missile Turret  
  49  6:19  Missile Turret  
  49  6:24  Missile Turret  
  49  6:30  Missile Turret  
  49  6:40  Missile Turret  
  49  6:43  SCV  
  50  6:53  Missile Turret  
  50  6:55  Terran Infantry Weapons Level 1  
  50  7:03  Missile Turret  
  50  7:08  Orbital Command  
  50  7:13  Missile Turret  
  50  7:17  Concussive Shells  
  50  7:22  SCV  
  51  7:34  SCV  
  52  7:46  SCV  
  52  7:51  Factory x2  
  53  7:57  Factory, Marauder x2  
  57  7:58  SCV  
  58  8:10  SCV  
  59  8:14  Marine x2  
  59  8:15  Marine  
  59  8:16  Marine  
  59  8:18  Marauder x2  
  67  8:37  SCV  
  67  8:38  SCV  
  69  8:49  SCV  
  69  8:50  SCV  
  71  9:01  SCV  
  72  9:02  SCV  
  73  9:13  SCV  
  73  9:15  SCV  
  75  9:25  SCV  
  75  9:27  SCV  
  77  9:37  Barracks Tech Lab  
  77  9:39  Barracks Tech Lab  
  77  9:42  Siege Tank x2  
  77  9:43  Barracks Reactor  
  83  9:46  Widow Mine  
  85  10:07  Supply Depot  
  85  10:17  Bunker  
  85  10:29  Siege Tank, Widow Mine  
  85  10:30  Supply Depot  
  85  10:35  Sensor Tower  
  72  11:26  Sensor Tower  
  72  12:00  Sensor Tower x2  
  72  12:03  Sensor Tower  
  72  12:04  Siege Tank x2  
  78  12:12  Widow Mine x2  
  81  12:27  Sensor Tower  
  81  12:28  Sensor Tower  
  81  12:34  Widow Mine x2  
  81  12:36  Siege Tank x2  
  91  12:55  Widow Mine x2  
  95  13:08  Siege Tank x2  
  101  13:43  Siege Tank  
  101  13:45  Widow Mine  
  101  13:46  Widow Mine  
  101  13:47  Siege Tank  
  81  14:52  Command Center  
  81  14:58  Missile Turret  
  81  14:59  Missile Turret  
  78  15:01  Missile Turret  
  78  15:03  Missile Turret  
  78  15:06  Command Center  
  78  15:08  Missile Turret  
  78  15:11  Missile Turret  
  78  15:17  Missile Turret  
  78  15:27  Missile Turret  
  78  15:29  Missile Turret  
  78  15:31  Missile Turret x2  
  78  15:32  Missile Turret  
  78  15:35  Missile Turret  
  78  15:38  Missile Turret  
  78  15:49  Missile Turret  
  78  15:52  Missile Turret  
  78  15:55  Missile Turret x2  
  78  15:56  Missile Turret  
  78  15:58  Missile Turret  
  78  16:00  Missile Turret  
  78  16:05  Sensor Tower  
  78  16:06  Sensor Tower  
  78  16:14  Sensor Tower, Missile Turret  
  78  16:16  Missile Turret  
  78  16:20  Missile Turret  
  78  16:22  Missile Turret  
  78  16:23  Missile Turret  
Tags
 
Composition
Mech
League
Silver
Matchup
TvT
Race
Terran
Spawn Locations
Cross Positions
Add a new tag
Caveats
  • Supply blocks, unpowered buildings, or Contaminate may cause inaccurate times.
  • Supply counts are checked every 10 seconds.